 Dungeon Crawl Stone Soup version 0.30-a0-394-g3e4acdb0ae (webtiles) character file.

Game seed: 10310348828414934252

12019 CrazyBamboolord the Thaumaturge (level 12, -2/64 HPs)
             Began as a Kobold Necromancer on Dec 4, 2022.
             Was a Believer of Kikubaaqudgha.
             Slain by a cane toad (11 damage)
             ... on level 2 of the Lair of Beasts on Dec 6, 2022.
             The game lasted 00:55:58 (18804 turns).

CrazyBamboolord the Thaumaturge (KoNe)             Turns: 18804, Time: 00:55:59

Health: -2/64      AC:  3    Str: 11    XL:     12   Next: 15%
Magic:  1/27       EV: 17    Int: 22    God:    Kikubaaqudgha [**....]
Gold:   518        SH:  0    Dex: 15    Spells: 8/34 levels left

rFire   + . .      SeeInvis .    b - staff of death
rCold   + . .      Faith    .    (shield currently unavailable)
rNeg    + + .      Spirit   .    a - +1 robe
rPois   .          Reflect  .    (no helmet)
rElec   .          Harm     .    v - scarf {rC+ rF+}
rCorr   .          Rampage  .    (no gloves)
Will    .....                    (no boots)
Stlth   +++++.....               (no amulet)
HPRegen 0.30/turn                d - +6 ring of strength
MPRegen 0.20/turn                x - ring of positive energy

@: lethally poisoned (-2 -> -16), death channelling, animating dead, hasted,
very quick
A: small, no large weapons, nightstalker 3
a: Renounce Religion, Unearth Wretches


You were on level 2 of the Lair of Beasts.
You worshipped Kikubaaqudgha.
Kikubaaqudgha was pleased with you.
You visited 3 branches of the dungeon, and saw 13 of its levels.
You also visited: Ossuary.

You collected 742 gold pieces.
You spent 224 gold pieces at shops.

Inventory:

Hand Weapons
 c - a +6 short sword of chaos
Missiles
 F - 2 throwing nets
Armour
 a - a +1 robe (worn)
 v - a scarf of resistance (worn)
 J - a +0 cloak
Magical Staves
 b - a staff of death (weapon)
Jewellery
 d - a +6 ring of strength (left hand)
 e - a ring of fire
 m - the amulet of Delim Omykh {Faith *Slow Fly rElec}
   (You found it on level 6 of the Dungeon)

   [amulet of faith]

   It allows you to gain divine favour quickly.
   rElec:     It insulates you from electricity.
   Fly:       It grants you flight.
   *Slow:     It may slow you when you take damage.
 o - a +6 ring of strength
 x - a ring of positive energy (right hand)
 A - an amulet of guardian spirit
 H - a +6 ring of strength
Wands
 s - a wand of mindburst (5)
 w - a wand of roots (8)
 I - a wand of light (3)
Scrolls
 f - 3 scrolls of silence
 i - a scroll of vulnerability
 j - 3 scrolls of poison
 l - 2 scrolls of noise
 u - a scroll of enchant armour
 y - 2 scrolls of magic mapping
Potions
 g - a potion of resistance
 h - 2 potions of berserk rage
 k - 2 potions of flight
 n - 2 potions of mutation
 p - 2 potions of might {unknown}
 t - 2 potions of lignification
 G - 2 potions of brilliance


   Skills:
 + Level 2.5 Fighting
 + Level 1.3 Staves
 * Level 6.8 Dodging
 * Level 9.4 Stealth
 * Level 11.7 Spellcasting
 * Level 3.7 Hexes
 * Level 11.7 Necromancy


You had 8 spell levels left.
You knew the following spells:

 Your Spells              Type           Power      Damage    Failure   Level
a - Necrotise             Necr           100%       1d9       1%          1
b - Vampiric Draining     Necr           77%        2d11      1%          3
c - Dispel Undead         Necr           77%        3d25      1%          4
d - Animate Dead          Necr           77%        N/A       1%          4
e - Agony                 Necr           77%        N/A       1%          5
f - Tukima's Dance        Hex            29%        N/A       3%          3
g - Death Channel         Necr           38%        N/A       6%          6

Your spell library contained the following spells:

 Spells                   Type           Power      Damage    Failure   Level
 Kiss of Death            Conj/Necr      100%       2d13      1%          1
 Slow                     Hex            100%       N/A       1%          1
 Cigotuvi's Dreadful Rot  Necr/Pois/Air  90%        N/A       1%          2
 Sublimation of Blood     Necr           77%        N/A       1%          2
 Confusing Touch          Hex            29%        N/A       3%          3
 Portal Projectile        Hex/Tloc       42%        N/A       7%          3
 Stone Arrow              Conj/Erth      24%        3d8       16%         3
 Animate Armour           Summ/Erth      24%        N/A       45%         4
 Blade Hands              Tmut           6%         N/A       80%         5
 Lehudib's Crystal Spear  Conj/Erth      6%         10d3      100%        8


Dungeon Overview and Level Annotations

Branches:
Dungeon (10/15)            Temple (1/1) D:7            Lair (2/5) D:9
    Orc (0/2) D:9         Ossuary (visited)
  Swamp: Lair:2-3    Shoals: Lair:2-3     Snake: Lair:2-3    Spider: Lair:2-3

Altars:
Ashenzari
Cheibriados
Dithmenos
Elyvilon
Fedhas
Gozag
Hepliaklqana
Kikubaaqudgha
Makhleb
Nemelex Xobeh
Okawaru
Qazlal
Ru
Sif Muna
Trog
Uskayaw
Vehumet
Wu Jian
Xom
Yredelemnul
Zin
The Shining One

Shops:
D:4 !   D:5 ?   D:7 *   D:9 :

Annotations:
D:6 2 transporters


Innate Abilities, Weirdness & Mutations

You are small and have problems with some larger weapons.
You are completely attuned to the shadows.


Message History

Your spectral rat bites the hell rat but does no damage.
Aiming: Vampiric Draining (safe; 1% risk of failure)
Press: ? - help, Q - select action, (/) - cycle Shift-Dir - straight line, f/p - hell rat
Aim: a hell rat (ally target, not susceptible)
Okay, then.
Aiming: Vampiric Draining (safe; 1% risk of failure)
Press: ? - help, Q - select action, (/) - cycle Shift-Dir - straight line, f - blink frog, p - hell rat
Aim: a blink frog (moderately wounded)
You feel a surge of power!
You draw life force from the blink frog!
You feel life coursing into your body!
The blink frog blinks!
The blink frog misses you. x2; The hell rat bites you!
The blink frog blinks!
Your spectral rat bites the hell rat.
Your river rat zombie closely misses the hell rat.
The blink frog attacks as you move away!
The blink frog barely misses you.
The blink frog blinks!
The blink frog closely misses you.
The blink frog blinks!
The blink frog closely misses you. The blink frog hits you!
You hit the blink frog.
The blink frog writhes in agony.
You kill the blink frog!
Kikubaaqudgha accepts your kill.
The dead are hopping!
A glowing mist starts to gather...
The cane toad barely misses you. The blink frog closely misses you.
The blink frog completely misses you. The cane toad stings you!
* * * LOW HITPOINT WARNING * * *
You are lethally poisoned!
The cane toad poisons you!
Your spectral rat closely misses the cane toad.
Okay, then.
Okay, then.
You feel yourself speed up.
* * * LOW HITPOINT WARNING * * *
You feel very sick. The blink frog hits you.
* * * LOW HITPOINT WARNING * * *
The blink frog blinks!
Something hits your spectral rat!
Your spectral rat is destroyed!
The cane toad stings you!
You die...
Kikubaaqudgha rasps: "You have failed me!
Welcome... death!"

....... .Y.....
...P#P# ...#### ...##
###P..... ..†.#
#.P...... ....#####
#.FZ....#
÷...#.#.#####...F....
.<.......#.P..rF@Z.#
.............#.#####
.............#§.#
.....####....##.Z.
.....# #.........#
#....##...#


You could see a cane toad, 2 blink frogs, a hell rat, a friendly spectral blink
frog and a friendly blink frog zombie.

Vanquished Creatures
  Pikel (D:7)
  4 cane toads (Lair:1)
  A gargoyle (D:10)
  2 trolls
  A hornet (D:9)
  Prince Ribbit (D:9)
  A blink frog (Lair:2)
  Sigmund (D:4)
  3 wraiths
  Eustachio (D:5)
  14 yaks
  2 steam dragons
  A basilisk (Lair:1)
  Menkaure (D:5)
  Edmund (D:4)
  4 water moccasins
  Duvessa (D:7)
  10 orc warriors
  3 black bears
  2 ice beasts
  A hornet zombie (Ossuary)
  An ogre (D:5)
  3 centaurs
  A lemure (D:7)
  A phantom (D:5)
  4 kobold brigands
  Blork the orc (D:5)
  2 bullfrogs
  A gnoll sergeant (D:5)
  A wyvern zombie (Ossuary)
  2 scorpions (D:6)
  A necrophage (D:8)
  A water moccasin zombie (Ossuary)
  4 wights (D:8)
  Dowan (D:7)
  7 howler monkeys
  10 bullfrog zombies (Ossuary)
  4 centaur zombies (Ossuary)
  2 jellies
  3 hounds
  A gnoll bouda (D:7)
  8 orc priests
  7 mummies (Ossuary)
  5 iguanas
  4 orc wizards
  A killer bee zombie (Ossuary)
  2 howler monkey zombies (Ossuary)
  6 adders
  11 gnolls
  A river rat (Lair:2)
  2 shadow imps
  A white imp (D:4)
  2 ufetubi
  A worm (D:2)
  7 dart slugs
  38 orcs
  6 ball pythons
  5 endoplasms
  2 goblins
  3 hobgoblins
  10 jackals
  A quokka (D:4)
  4 bats
  18 kobolds
  3 rats
  A rat zombie (D:6)
256 creatures vanquished.

Vanquished Creatures (collateral kills)
  A yak (Lair:1)
  A steam dragon (D:6)
  A bullfrog (D:8)
  A jelly (D:6)
  An orc (D:9)
  4 kobolds
9 creatures vanquished.

Vanquished Creatures (others)
  A vampire (D:10)
  A dancing weapon (D:10)
  2 yak zombies (Lair:2)
  8 kobold zombies
  7 orc zombies
  A rat zombie (Lair:2)
  8 demonic plants (D:4)
  6 fungi
  6 plants (Lair:1)
  10 withered plants (Ossuary)
50 creatures vanquished.

Grand Total: 315 creatures vanquished

Notes
Turn   | Place    | Note
-------+----------+-------------------------------------------
     0 | D:1      | CrazyBamboolord the Kobold Necromancer began the quest for
                  | the Orb.
     0 | D:1      | Reached XP level 1. HP: 10/10 MP: 3/3
   106 | D:1      | Reached XP level 2. HP: 1/15 MP: 0/5
   703 | D:1      | Reached XP level 3. HP: 18/19 MP: 0/6
  1001 | D:2      | Learned a level 3 spell: Vampiric Draining
  1527 | D:2      | Reached XP level 4. HP: 24/24 MP: 5/7
  2352 | D:3      | Reached skill level 5 in Necromancy
  2377 | D:3      | Reached XP level 5. HP: 17/28 MP: 3/9
  2512 | D:3      | Learned a level 4 spell: Dispel Undead
  2661 | D:3      | Found a hide-covered altar of Uskayaw.
  3385 | D:4      | Noticed a black bear
  3471 | D:4      | Killed a black bear
  3472 | D:4      | Reached XP level 6. HP: 32/32 MP: 3/12
  3656 | D:4      | Noticed Edmund
  3662 | D:5      | Entered Level 5 of the Dungeon
  3668 | D:5      | Learned a level 4 spell: Animate Dead
  3756 | D:5      | Noticed Eustachio
  3766 | D:5      | Killed Eustachio
  3767 | D:5      | Reached XP level 7. HP: 17/37 MP: 9/14
  3857 | D:5      | Found a shadowy altar of Dithmenos.
  3921 | D:5      | Reached skill level 5 in Spellcasting
  4006 | D:5      | Noticed Blork the orc
  4020 | D:5      | Killed Blork the orc
  4202 | D:5      | Noticed Menkaure
  4211 | D:5      | Killed Menkaure
  4212 | D:5      | Reached skill level 5 in Stealth
  4212 | D:5      | Reached XP level 8. HP: 23/42 MP: 6/16
  4743 | D:5      | Found Hocazei's Magic Scroll Shoppe.
  4749 | D:5      | Bought a scroll of blinking for 112 gold pieces
  4749 | D:5      | Bought a scroll of blinking for 112 gold pieces
  4811 | D:4      | Found Bacwys's Distillery.
  4894 | D:4      | Noticed Sigmund
  4903 | D:4      | Killed Sigmund
  5133 | D:4      | Killed Edmund
  5893 | D:6      | Identified a scroll of acquirement
  5893 | D:6      | Acquired a staff of death
  5964 | D:6      | Reached XP level 9. HP: 46/46 MP: 12/19
  6202 | D:6      | Found a snail-covered altar of Cheibriados.
  6211 | D:6      | Reached skill level 1 in Fighting
  6357 | D:6      | Found a sand-covered staircase.
  6361 | Ossuary  | Entered an ossuary
  7302 | Ossuary  | Reached XP level 10. HP: 52/52 MP: 13/22
  7393 | D:6      | Found a transporter.
  7397 | D:6      | Identified the amulet of Delim Omykh {Faith *Slow Fly
                  | rElec}
  7414 | D:6      | Noticed a toenail golem
  7439 | D:6      | Found a transporter.
  7458 | D:6      | Learned a level 5 spell: Agony
  8707 | D:7      | Found a staircase to the Ecumenical Temple.
  8714 | D:7      | Found Gokuriro's Neck Hole.
  8749 | Temple   | Entered the Ecumenical Temple
  8787 | Temple   | Became a worshipper of Kikubaaqudgha
  8907 | D:7      | Found a blossoming altar of Fedhas.
  8945 | D:7      | Reached skill level 1 in Hexes
  9182 | D:7      | Noticed Pikel
  9357 | D:7      | Reached skill level 5 in Dodging
 10162 | D:7      | Killed Pikel
 10163 | D:7      | Reached skill level 1 in Staves
 10606 | D:7      | Learned a level 3 spell: Tukima's Dance
 10613 | D:7      | Noticed Duvessa
 10620 | D:7      | Killed Duvessa
 10689 | D:7      | Noticed Dowan
 10699 | D:7      | Killed Dowan
 11105 | D:8      | Reached * piety under Kikubaaqudgha
 11105 | D:8      | Received a gift from Kikubaaqudgha
 11317 | D:8      | Reached skill level 10 in Necromancy
 11829 | D:8      | Identified the +0 robe "Pomof" {Dex+2}
 12149 | D:9      | Reached skill level 10 in Spellcasting
 12388 | D:9      | Found a staircase to the Lair.
 12388 | D:9      | Found a sparkling altar of Nemelex Xobeh.
 12449 | D:9      | HP: 2/52 [orc warrior/+0 mace (13)]
 12463 | D:9      | Noticed Prince Ribbit
 12582 | D:9      | Killed Prince Ribbit
 12583 | D:9      | Reached XP level 11. HP: 56/56 MP: 8/25
 12694 | D:9      | Found Cuteps's Book Boutique.
 12844 | D:9      | Found a hazy altar of Hepliaklqana.
 13253 | D:9      | Reached ** piety under Kikubaaqudgha
 13257 | D:9      | Found a staircase to the Orcish Mines.
 13989 | D:9      | Found an iron altar of Okawaru.
 14077 | D:10     | Entered Level 10 of the Dungeon
 14770 | D:10     | HP: 2/57 [yak (16)]
 14981 | D:10     | Found a stormy altar of Qazlal.
 15329 | D:10     | Found a bloodstained altar of Trog.
 15864 | D:10     | Found a shimmering blue altar of Sif Muna.
 16360 | Lair:1   | Entered Level 1 of the Lair of Beasts
 16964 | Lair:1   | Upgraded the game from 0.30-a0-390-g80c34de65d to
                  | 0.30-a0-394-g3e4acdb0ae
 16979 | Lair:1   | HP: 2/58 [yak (12)]
 17905 | Lair:1   | Learned a level 6 spell: Death Channel
 18012 | Lair:1   | Reached XP level 12. HP: 64/64 MP: 17/27
 18441 | Lair:1   | Noticed a boulder beetle
 18450 | Lair:1   | HP: 2/64 [boulder beetle (32)]
 18804 | Lair:2   | Slain by a cane toad

Illustrated notes

Levels and vault maps discovered:
D:1:      dpeg_arrival_simpleton_b, layout_basic, minmay_crystal_water
D:2:      layout_basic, dk_noncrumbling_4, serial_bayou_pond_b
D:3:      layout_loops_ring, general_overflow_altar
D:4:      layout_loops_cross, serial_shops, shop, serial_demonic,
          serial_demonic_f, serial_demonic_b, serial_demonic_b,
          serial_demonic_a, dk_vineyard_3, grunt_decor_clamped, uniq_edmund,
          uniq_sigmund
D:5:      layout_gridville, grunt_dithmenos_smoke, serial_shops,
          nicolae_shop_hallway_stairs, hangedman_glass_teeth, minivault_27,
          uniq_menkaure, uniq_blork_the_orc, uniq_eustachio
D:6:      layout_layer_cave, mainiacjoe_overflow_tiny_flanked, enter_ossuary_3,
          gammafunk_ghost_abyssal_escape
D:7:      layout_loops_corners, mainiacjoe_overflow_surrounded_room,
          temple_statues, nicolae_shop_sticking_my_neck_out, uniq_pikel,
          uniq_duvessa
D:8:      layout_basic
D:9:      layout_long_grid, nemelex_xobeh_ov_fountains_minmay,
          lemuel_tele_altar, nicolae_overflow_hidden_temple, lair_entry_dummy,
          david_orc_4, serial_shops, nicolae_shop_hallway_plus,
          uniq_prince_ribbit1
D:10:     layout_irregular_city, nzn_overflow_gifts_of_might_and_magic,
          mainiacjoe_overflow_cross_hatched, minivault_16,
          kennysheep_small_circle
Temple:   nicolae_temple_no_exploring_needed
Lair:1:   layout_roguey, hibernation_bobbens, grunt_megastairs_5
Lair:2:   layout_cellular_growth, serial_bayou_pond_d,
          kennysheep_abandoned_house

Skill      XL: |  1  2  3  4  5  6  7  8  9 10 11 |
---------------+----------------------------------+-----
Stealth        | 3 4 5 6 7 9 |  9.4
Necromancy     | 5 6 7 9 10 11 | 11.7
Spellcasting   | 3 4 5 6 8 10 11 | 11.7
Dodging        | 3 4 5 6 |  6.8
Fighting       | 1 2 |  2.5
Hexes          | 2 3 |  3.7
Staves         | 1 |  1.3

Action                   |  1- 3 |  4- 6 |  7- 9 | 10-12 || total
-------------------------+-------+-------+-------+-------++-------
Melee: Unarmed           |    20 |       |       |       ||    20
       Short sword       |    29 |    60 |    26 |       ||   115
       Punch             |       |     1 |     1 |       ||     2
       Staff             |       |       |   104 |   171 ||   275
 Cast: Necrotise         |    31 |    57 |    74 |    57 ||   219
       Vampiric Draining |       |     5 |    35 |   198 ||   238
       Dispel Undead     |       |       |    40 |    11 ||    51
       Agony             |       |       |       |    29 ||    29
       Tukima's Dance    |       |       |       |     6 ||     6
       Animate Dead      |       |       |       |     5 ||     5
       Death Channel     |       |       |       |     1 ||     1
Evoke: Wand              |       |       |       |    12 ||    12
  Use: Scroll            |     3 |     6 |    16 |    22 ||    47
       Potion            |       |     5 |     6 |    17 ||    28
 Stab: Sleeping          |     7 |     4 |     2 |     4 ||    17
       Distracted        |       |     1 |       |     2 ||     3
       Confused          |       |       |     1 |       ||     1
Armor: Robe              |     8 |    14 |    31 |    64 ||   117
Dodge: Dodged            |    45 |    67 |   193 |   505 ||   810

Table legend: (Time is in decaauts)
 A = Elapsed time spent in this place.
 B = Non-inter-level travel time spent in this place.
 C = Inter-level travel time spent in this place.
 D = Time resting spent in this place.
 E = Time spent auto-exploring this place.
 F = Levels seen in this place.
 G = Mean time per level.
                   A        B        C        D        E       F      G
               +--------+--------+--------+--------+--------+-----+--------+
         Total |  18906 |  18265 |    641 |   3267 |  11610 |  14 | 1350.4 |
       Dungeon |  15339 |  14743 |    596 |   1938 |  10318 |  10 | 1533.9 |
        Temple |     45 |     31 |     14 |      0 |     17 |   1 |   45.0 |
          Lair |   2433 |   2403 |     30 |    777 |   1259 |   2 | 1216.5 |
       Ossuary |   1087 |   1087 |      0 |    551 |     16 |   1 | 1087.0 |
               +--------+--------+--------+--------+--------+-----+--------+

Top non-repeatable levels by time:
     D:7: 2255 daAuts
    D:10: 2243 daAuts
  Lair:1: 2162 daAuts
     D:9: 2074 daAuts
     D:6: 1587 daAuts
     D:5: 1484 daAuts
     D:8: 1290 daAuts
     D:4: 1276 daAuts
     D:2: 1112 daAuts
 Ossuary: 1087 daAuts
     D:3: 1019 daAuts
     D:1: 995 daAuts
  Lair:2: 270 daAuts
  Temple: 45 daAuts
